 Dungeon Crawl Stone Soup version 0.24-a0-445-gd5110b030a (webtiles) character file.

Game seed: 17774923060466513489

402687 Azzok the Axe Maniac (level 24, -1/135 HPs)
             Began as a Formicid Fighter on June 21, 2019.
             Was the Champion of Okawaru.
             Slain by a deep troll (2 damage)
             ... led by an ironheart preserver
             ... on level 4 of the Vaults on June 22, 2019.
             The game lasted 01:49:45 (60785 turns).

Azzok the Axe Maniac (Formicid Fighter)            Turns: 60785, Time: 01:49:46

Health: -1/135     AC: 40    Str: 37    XL:     24   Next: 45%
Magic:  0/46       EV: 12    Int: 12    God:    Okawaru [******]
Gold:   2339       SH: 17    Dex: 10    Spells: 44/44 levels left

rFire    + . .     SeeInvis +   b - +6 executioner's axe (flame)
rCold    + . .     Gourm    +   T - +2 shield
rNeg     . . .     Faith    .   Y - +10 plate armour "Hyth" {rF+ rC+}
rPois    +         Spirit   +   (helmet unavailable)
rElec    +         Reflect  .   c - scarf {Spirit}
rCorr    .         Harm     .   x - +2 pair of gloves {Str+3}
MR       +++..                  H - +2 pair of boots of the Assassin {Detection Stab+ Stlth++}
Stlth    ..........             J - amulet of the gourmand
HPRegen  0.32/turn              v - ring of poison resistance
MPRegen  0.30/turn              N - ring of Melee {+Inv rElec MR+ MP+9}

@: mighty, lethally poisoned (-1 -> -1), heroism, marked, very slightly
contaminated, invisible
A: permanent stasis, dig shafts and tunnels, four strong arms, antennae 3, frail
1
}: 2/15 runes: decaying, serpentine
a: Dig, Shaft Self, Heroism, Finesse, Renounce Religion


You were on level 4 of the Vaults.
You worshipped Okawaru.
Okawaru was exalted by your worship.
You were full.

You visited 8 branches of the dungeon, and saw 39 of its levels.
You visited 1 bazaar.
You also visited: Sewer, Gauntlet and Ice Cave.

You collected 5279 gold pieces.
You spent 2940 gold pieces at shops.

Inventory:

Hand Weapons
 a - the +12 battleaxe of Agriekk {chop, rF+ rC- rN+}
   (Okawaru gifted it to you on level 11 of the Dungeon)

   It inflicts extra damage upon your enemies.
   It protects you from fire.
   It makes you vulnerable to cold.
   It protects you from negative energy.
 b - a +6 executioner's axe of flaming (weapon)
 o - a +2 executioner's axe of flaming
Armour
 c - a scarf of spirit shield (worn)
 x - a +2 pair of gloves of strength (worn)
 H - the +2 pair of boots of the Assassin (worn) {Detection Stab+ Stlth++}
   (Okawaru gifted it to you on level 3 of the Snake Pit)

   It makes you much more stealthy.
 T - a +2 shield (worn)
 Y - the +10 plate armour "Hyth" (worn) {rF+ rC+}
   (You found it on level 1 of the Vaults)

   It protects you from fire.
   It protects you from cold.
Jewellery
 v - a ring of poison resistance (left hand)
 E - an uncursed ring of ice
 G - an uncursed ring of fire
 J - an amulet of the gourmand (around neck)
 N - the ring of Melee (right hand) {+Inv rElec MR+ MP+9}
   (You found it in a Gauntlet)

   [ring of magical power]

   It insulates you from electricity.
   It affects your resistance to hostile enchantments.
   It affects your magic capacity (+9).
   It lets you turn invisible.
 O - an uncursed ring of resist corrosion
 V - an uncursed ring of protection from cold
Wands
 e - a wand of iceblast (60)
 g - a wand of disintegration (28)
 A - a wand of paralysis (28)
 F - a wand of clouds (4)
 M - a wand of acid (19)
 S - a wand of digging (11)
 W - a wand of scattershot (4)
Scrolls
 j - 2 scrolls of magic mapping
 l - 13 scrolls of fear
 q - 2 scrolls of brand weapon
 r - 9 scrolls of enchant weapon
 t - 9 scrolls of enchant armour
 u - 16 scrolls of remove curse
 w - 6 scrolls of immolation
 y - 5 scrolls of fog
 D - 14 scrolls of identify
 L - a scroll of silence
 P - 3 scrolls of summoning
Potions
 d - a potion of might
 h - a potion of cancellation
 i - 29 potions of curing
 k - 7 potions of mutation {!q}
 p - 5 potions of lignification
 B - 2 potions of heal wounds
 C - 3 potions of resistance
 Q - a potion of ambrosia {unknown}
 R - 5 potions of flight
 X - a potion of agility
Miscellaneous
 s - 3 phantom mirrors
 z - a lamp of fire
 I - a phial of floods
 K - a lightning rod (4/4)
 U - a fan of gales
Comestibles
 f - 58 rations


   Skills:
 - Level 3.2(8.2) Fighting
 O Level 27 Axes
 + Level 23.0(27) Armour
 - Level 9.0(14.0) Shields
 + Level 10.7 Spellcasting
 - Level 11.1 Invocations
 - Level 11.1 Evocations


You had 44 spell levels left.
You didn't know any spells.
Your spell library contained the following spells:

 Spells                   Type           Power        Failure   Level  Hunger
 Animate Skeleton         Necr           N/A          26%         1    None
 Apportation              Tloc           #.....       26%         1    None
 Beastly Appendage        Tmut           #.....       26%         1    None
 Confusing Touch          Hex            #.....       26%         1    None
 Corona                   Hex            #......      26%         1    None
 Flame Tongue             Conj/Fire      #....        26%         1    None
 Freeze                   Ice            #...         26%         1    None
 Magic Dart               Conj           #...         26%         1    None
 Pain                     Necr           #...         26%         1    None
 Sandblast                Erth           #.....       26%         1    None
 Shock                    Conj/Air       #...         26%         1    None
 Summon Butterflies       Summ           #.......     26%         1    None
 Summon Small Mammal      Summ           #...         26%         1    None
 Call Imp                 Summ           #.......     36%         2    None
 Corpse Rot               Necr           N/A          36%         2    None
 Ensorcelled Hibernation  Hex/Ice        #.....       36%         2    None
 Passwall                 Tmut/Erth      #.......     36%         2    None
 Poisonous Vapours        Pois/Air       #.....       36%         2    None
 Slow                     Hex            #.......     36%         2    None
 Sticks to Snakes         Tmut           #.......     36%         2    None
 Swiftness                Chrm/Air       #.......     36%         2    None
 Throw Flame              Conj/Fire      #.....       36%         2    None
 Throw Frost              Conj/Ice       #.....       36%         2    None
 Confuse                  Hex            #.......     58%         3    ##.....
 Conjure Flame            Conj/Fire      #.......     58%         3    ##.....
 Dazzling Spray           Conj/Hex       #.....       58%         3    ##.....
 Inner Flame              Hex/Fire       #.......     58%         3    ##.....
 Lesser Beckoning         Tloc           #.........   58%         3    ##.....
 Mephitic Cloud           Conj/Pois/Air  #.......     58%         3    ##.....
 Ozocubu's Armour         Chrm/Ice       #.......     58%         3    ##.....
 Portal Projectile        Hex/Tloc       #.....       58%         3    ##.....
 Recall                   Summ/Tloc      N/A          58%         3    ##.....
 Regeneration             Chrm/Necr      #.........   58%         3    ##.....
 Spider Form              Tmut/Pois      #.........   58%         3    ##.....
 Static Discharge         Conj/Air       #.......     58%         3    ##.....
 Stone Arrow              Conj/Erth      #.....       58%         3    ##.....
 Tukima's Dance           Hex            #.......     58%         3    ##.....
 Vampiric Draining        Necr           #.........   58%         3    ##.....
 Airstrike                Air            #.........   94%         4    ####...
 Animate Dead             Necr           N/A          94%         4    ####...
 Ice Form                 Ice/Tmut       #.......     94%         4    ####...
 Leda's Liquefaction      Hex/Erth       #.........   94%         4    ####...
 Olgreb's Toxic Radiance  Pois           #.......     94%         4    ####...
 Passage of Golubria      Tloc           N/A          94%         4    ####...
 Petrify                  Tmut/Erth      #.......     94%         4    ####...
 Sticky Flame             Conj/Fire      #.......     94%         4    ####...
 Summon Ice Beast         Ice/Summ       #.......     94%         4    ####...
 Throw Icicle             Conj/Ice       #.......     94%         4    ####...
 Alistair's Intoxication  Tmut/Pois      #.......     100%        5    #####..
 Blade Hands              Tmut           #.........   100%        5    #####..
 Bolt of Magma            Conj/Fire/Erth #.........   100%        5    #####..
 Borgnjor's Vile Clutch   Necr/Erth      #.........   100%        5    #####..
 Dispel Undead            Necr           #.......     100%        5    #####..
 Excruciating Wounds      Chrm/Necr      #.........   100%        5    #####..
 Fireball                 Conj/Fire      #.........   100%        5    #####..
 Irradiate                Conj/Tmut      #.........   100%        5    #####..
 Iskenderun's Battlesphe  Conj/Chrm      #.......     100%        5    #####..
 Lee's Rapid Deconstruct  Erth           #.........   100%        5    #####..
 Lightning Bolt           Conj/Air       #.........   100%        5    #####..
 Metabolic Englaciation   Hex/Ice        #.........   100%        5    #####..
 Venom Bolt               Conj/Pois      #.........   100%        5    #####..
 Bolt of Cold             Conj/Ice       #.........   100%        6    #######
 Conjure Ball Lightning   Conj/Air       #.........   100%        6    #######
 Death Channel            Necr           #.........   100%        6    #######
 Freezing Cloud           Conj/Ice/Air   #.........   100%        6    #######
 Hydra Form               Tmut           #.........   100%        6    #######
 Invisibility             Hex            #.......     100%        6    #######
 Iron Shot                Conj/Erth      #.........   100%        6    #######
 Ozocubu's Refrigeration  Ice            #.........   100%        6    #######
 Simulacrum               Ice/Necr       #.........   100%        6    #######
 Statue Form              Tmut/Erth      #........    100%        6    #######
 Dragon Form              Tmut           #.........   100%        7    #######
 Haunt                    Necr/Summ      #.........   100%        7    #######
 Malign Gateway           Summ/Tloc      #.........   100%        7    #######
 Orb of Destruction       Conj           #.........   100%        7    #######
 Ring of Flames           Chrm/Fire      #.........   100%        7    #######
 Spellforged Servitor     Conj/Summ      #.........   100%        7    #######
 Borgnjor's Revivificati  Necr           #.........   100%        8    #######
 Death's Door             Chrm/Necr      #.........   100%        8    #######
 Infestation              Necr           #.........   100%        8    #######
 Necromutation            Tmut/Necr      #.........   100%        8    #######
 Blink                    Tloc           Unusable     N/A         2    N/A

Dungeon Overview and Level Annotations

Branches:
Dungeon (15/15)            Temple (1/1) D:6            Lair (6/6) D:9
  Swamp (4/4) Lair:2        Snake (4/4) Lair:2        Slime (0/5) Lair:5
    Orc (2/2) D:10            Elf (3/3) Orc:2        Vaults (4/5) D:13
  Crypt (0/3) Vaults:2     Depths (0/5) D:15

Altars:
Ashenzari
Cheibriados
Dithmenos
Elyvilon
Fedhas
Gozag
Hepliaklqana
Kikubaaqudgha
Makhleb
Nemelex Xobeh
Okawaru
Qazlal
Ru
Trog
Uskayaw
Vehumet
Wu Jian
Xom
Yredelemnul
The Shining One

Shops:
D:5 }   D:6 (   D:7 [}   D:10 !   D:11 *   Orc:2 (([?   Elf:2 %   Vaults:2 ?

Annotations:
Lair:6 1 runed translucent door, conein's ghost, journeyman DEFE


Innate Abilities, Weirdness & Mutations

You cannot be hasted, slowed, berserked, paralysed or teleported.
You can dig through walls and to a lower floor.
Your four strong arms can wield two-handed weapons with a shield.
You have a pair of large antennae on your head. (SInv)
You are frail. (-10% HP)


Message History

You closely miss the deep elf mage.
The stone giant throws a large rock.
The large rock hits the deep elf mage!!!
The deep elf mage dies!
You hit the deep troll. You burn the deep troll.
The deep troll is lightly wounded.
You open the ironbrand convoker like a pillowcase!!!
You burn the ironbrand convoker!
You kill the ironbrand convoker!
Okawaru accepts your kill.
An ironheart preserver comes into view.
It is wielding a +2 morningstar of protection.
The stone giant throws a large rock.
The large rock misses you. You block the deep troll's attack. x2
The deep troll claws you but does no damage.
You feel sick.
The ettin hits you with a +0 dire flail!!!
* * * LOW MAGIC WARNING * * *;
* * * LOW HITPOINT WARNING * * *
The ettin hits you but does no damage. You block the stone giant's attack.
The deep troll bites you.
* * * LOW MAGIC WARNING * * *
You die...

▒▒▒···▒)·▒···▒ ▒╬▒·))(··▒
▒▒)()·▒▒ ▒)((·▒ ▒▒(†▒▒
▒▒▒▒▒▒▒▒▒▒╬▒▒▒▒▒▒▒▒▒▒▒▒▒╬
·········()(·))D·········
··········))··pC)T)······
·············ppC@()···(··
▒▒▒▒▒▒▒▒▒▒▒▒'▒▒▒▒▒▒▒▒▒▒▒▒
···▒ {{ $▒···▒ { ▒▒▒···▒▒
·····{ ▒··{· ▒▒···


You could see an ironheart preserver, a storm dragon, a stone giant, an ettin, a
deep troll, a vault sentinel and an ironbrand convoker.

Vanquished Creatures
  Mennas (Vaults:4)
  Vashnia (Snake:2)
  An Ice Fiend (IceCv)
  A tentacled monstrosity (Vaults:1)
  3 deep elf blademasters
  3 liches
  2 sphinxes
  Gastronok (Lair:3)
  2 deep elf master archers (Elf:3)
  Agnes (Snake:3)
  Kirke (Lair:6)
  3 thorn hunters
  8 nagarajas (Snake:4)
  Roxanne (Snake:2)
  4 tengu reavers
  A shadow dragon (Vaults:1)
  A storm dragon (Vaults:4)
  A frost giant (Vaults:4)
  4 fire giants
  15 vault wardens
  The ghost of Ratty the Scorcher, an adept DEFE of Sif Muna (Swamp:4)
  Aizul (Snake:2)
  5 deep elf sorcerers (Elf:3)
  11 stone giants
  10 ironheart preservers
  4 deep elf elementalists (Elf:3)
  6 deep elf demonologists
  2 entropy weavers
  4 deep elf annihilators (Elf:3)
  The ghost of mhoghedin the Nimble, a journeyman KoWz of Ashenzari (Lair:4)
  A minotaur (Gauntlet)
  A crystal guardian (Vaults:4)
  A blizzard demon (Gauntlet)
  6 deep elf high priests
  3 ettins
  The ghost of Torious the Devastator, a journeyman DECj of Sif Muna (D:12)
  8 deep elf death magi (Elf:3)
  A fire dragon (Vaults:2)
  12 yaktaur captains
  Fannar (Lair:2)
  4 ice dragons
  Harold (Lair:2)
  11 ogre magi
  18 naga warriors
  25 hydras
  16 vault guards
  2 rakshasas
  18 two-headed ogres
  A ghost crab (Swamp:1)
  2 great orbs of eyes
  Erica (D:11)
  8 centaur warriors
  8 anacondas
  4 death yaks (Lair:5)
  11 alligators
  2 death knights
  A tengu warrior (D:14)
  35 dancing weapons
  5 orc high priests
  10 shock serpents
  17 naga sharpshooters
  Nergalle (Lair:1)
  Sonja (D:11)
  23 deep elf knights
  A salamander mystic (Snake:3)
  2 deep trolls
  3 spriggan druids
  7 wizards
  16 swamp dragons
  4 glowing orange brains
  Pikel (D:9)
  An unseen horror (shapeshifter) (Elf:2)
  12 ironbrand convokers
  16 orc knights
  5 naga ritualists
  5 phantasmal warriors
  2 harpies (shapeshifter)
  11 deep elf archers
  A faun (shapeshifter) (Vaults:2)
  2 wolf spider zombies
  A wolf spider (Vaults:4)
  7 mana vipers
  6 salamanders
  13 harpies
  7 ugly things
  2 necromancers (Vaults:2)
  A wolf spider (shapeshifter) (Vaults:4)
  8 cyclopes
  9 orc sorcerers
  13 slime creatures
  68 deep elf magi
  A manticore (D:13)
  4 elephants (Lair:4)
  2 guardian serpents
  A frost giant skeleton (Vaults:2)
  4 ice statues (IceCv)
  33 black mambas
  18 spiny frogs
  A black mamba (shapeshifter) (Vaults:3)
  Psyche (D:10)
  41 naga magi
  14 vault sentinels
  A gargoyle (D:11)
  4 human zombies (Vaults:2)
  6 komodo dragons
  8 centaur skeletons
  2 rime drakes
  40 yaktaurs
  4 demonic crawlers (D:14)
  2 komodo dragons (shapeshifter)
  9 freezing wraiths
  A queen bee (shapeshifter) (Vaults:1)
  14 ice devils
  A golden dragon simulacrum (IceCv)
  2 hellwings (D:10)
  5 polar bears
  A jumping spider (shapeshifter) (Vaults:2)
  17 hornets
  A hornet (shapeshifter) (Vaults:1)
  2 wind drakes (shapeshifter)
  4 trolls
  Prince Ribbit (D:8)
  10 tyrant leeches
  A harpy skeleton (D:15)
  8 bog bodies
  A dream sheep (Lair:6)
  12 blink frogs
  11 hippogriffs
  A frost giant simulacrum (Vaults:2)
  2 large abominations
  A redback (shapeshifter) (Vaults:4)
  A dream sheep (shapeshifter) (Vaults:4)
  A redback (Vaults:3)
  22 spriggans
  2 dire elephant simulacra (IceCv)
  3 air elementals
  2 wraiths
  4 wyverns
  4 water elementals (Elf:1)
  2 shadows (Swamp:1)
  27 yaks
  A spriggan (shapeshifter) (Elf:1)
  A tarantella (shapeshifter) (Vaults:4)
  3 fire elementals
  A basilisk (Lair:3)
  A hog (Lair:6)
  A human simulacrum (Vaults:3)
  2 hungry ghosts
  Grum (D:8)
  10 vampire mosquitoes (Swamp:3)
  10 wargs
  3 steam dragons
  6 insubstantial wisps (Swamp:2)
  3 harpy simulacra (IceCv)
  2 acid dragons
  56 nagas
  20 swamp worms
  3 hydra simulacra (IceCv)
  A soldier ant (D:12)
  A floating eye (D:14)
  21 water moccasins
  9 porcupines
  4 slaves (D:9)
  23 swamp drakes
  36 orc warriors
  7 sky beasts
  3 ice beasts
  5 black bears
  6 small abominations
  4 eyes of draining
  2 ettin simulacra
  An ice beast (shapeshifter) (Vaults:2)
  3 necrophages
  A hornet zombie (D:10)
  An ogre (shapeshifter) (Elf:1)
  4 phantoms
  42 ogres
  A tengu (shapeshifter) (Elf:3)
  14 boggarts
  23 wolves
  12 centaurs
  A human skeleton (Vaults:2)
  9 big kobolds
  12 crocodiles
  A wyvern zombie (D:10)
  16 bullfrogs
  6 earth elementals
  4 scorpions
  A wyvern skeleton (D:10)
  5 killer bees (D:12)
  5 wights (D:13)
  4 howler monkeys
  2 bullfrog zombies
  8 crimson imps
  8 centaur zombies
  2 hounds (D:12)
  29 orc priests
  4 jellies
  29 orc wizards
  An iron imp (Orc:2)
  Jessica (D:2)
  6 iguanas
  7 worker ants
  A hound zombie (D:11)
  3 hound skeletons
  2 worker ant zombies
  12 gnolls
  2 river rats (Sewer)
  14 adders
  A howler monkey skeleton (D:9)
  9 shadow imps
  5 white imps
  2 oozes (Sewer)
  2 adder skeletons (D:7)
  5 worms
  3 dart slugs
  2 leopard geckos
  110 orcs
  4 ball pythons
  7 bats
  A bat skeleton (D:2)
  5 giant cockroaches
  11 goblins
  5 hobgoblins
  12 jackals
  40 kobolds
  9 quokkas
  A ball python skeleton (D:2)
  9 frilled lizards
  A leopard gecko zombie (D:2)
  A quokka skeleton (D:4)
  7 rats
  10 briar patches (Swamp:4)
  4 crawling corpses (Elf:3)
  5 fungi
  9 plants
1767 creatures vanquished.

Vanquished Creatures (others)
  A fire giant (Vaults:4)
  A dancing weapon (Elf:2)
  A harpy (Vaults:2)
  A deep elf mage (Vaults:4)
  A guardian serpent (Snake:4)
  A black mamba (Snake:4)
  A water elemental (Elf:3)
  A swamp worm (Swamp:1)
  2 orc wizards
  5 demonic plants (Gauntlet)
  6 fungi
  8 plants
29 creatures vanquished.

Grand Total: 1796 creatures vanquished

Notes
Turn   | Place    | Note
-------+----------+-------------------------------------------
     0 | D:1      | Azzok the Formicid Fighter began the quest for the Orb.
     0 | D:1      | Reached XP level 1. HP: 18/18 MP: 1/1
    43 | D:1      | Reached XP level 2. HP: 24/24 MP: 2/2
   326 | D:1      | Reached XP level 3. HP: 25/29 MP: 3/3
   742 | D:1      | Reached skill level 3 in Axes
  1029 | D:2      | Reached XP level 4. HP: 35/35 MP: 4/4
  1129 | D:2      | Noticed Jessica
  1135 | D:2      | Killed Jessica
  1135 | D:2      | Reached skill level 5 in Shields
  1408 | D:2      | Reached XP level 5. HP: 41/41 MP: 5/5
  2214 | D:3      | Reached skill level 4 in Axes
  2397 | D:3      | Reached XP level 6. HP: 41/47 MP: 6/6
  3489 | D:4      | Found a white marble altar of Elyvilon.
  3490 | D:4      | Found a stormy altar of Qazlal.
  3554 | D:4      | Reached skill level 5 in Axes
  3554 | D:4      | Reached XP level 7. HP: 52/52 MP: 7/7
  3778 | D:5      | Entered Level 5 of the Dungeon
  4096 | D:5      | Reached skill level 6 in Axes
  4096 | D:5      | Reached XP level 8. HP: 58/58 MP: 8/8
  4121 | D:5      | Found Segaitz's Gadget Boutique.
  4972 | D:6      | Found a staircase to the Ecumenical Temple.
  4983 | Temple   | Entered the Ecumenical Temple
  5038 | Temple   | Became a worshipper of Warmaster Okawaru
  5088 | D:6      | Found a glowing drain.
  5109 | D:6      | Reached skill level 1 in Invocations
  5112 | Sewer    | Entered a sewer
  5256 | Sewer    | Reached skill level 7 in Axes
  5624 | D:6      | Found a snail-covered altar of Cheibriados.
  5741 | D:6      | Found Reutudil's Weapon Emporium.
  5798 | D:6      | Reached * piety under Okawaru
  5798 | D:6      | Reached XP level 9. HP: 39/64 MP: 6/11
  6498 | D:7      | Found Zeeliv's Gadget Shoppe.
  6635 | D:7      | Reached skill level 8 in Axes
  6635 | D:7      | Reached skill level 5 in Invocations
  6717 | D:7      | Found a glowing golden altar of the Shining One.
  6731 | D:7      | Found Dyteis's Armour Boutique.
  7081 | D:7      | Found an opulent altar of Gozag.
  7518 | D:8      | Noticed Grum
  7542 | D:7      | Reached ** piety under Okawaru
  7659 | D:8      | Killed Grum
  7659 | D:8      | Reached skill level 9 in Axes
  8074 | D:8      | Noticed Prince Ribbit
  8085 | D:8      | Killed Prince Ribbit
  8085 | D:8      | Reached XP level 10. HP: 63/70 MP: 12/15
  8637 | D:9      | Noticed Pikel
  8652 | D:9      | Killed Pikel
  8652 | D:9      | Reached skill level 10 in Axes
  8765 | D:9      | Reached *** piety under Okawaru
  8943 | D:9      | Found a hazy altar of Hepliaklqana.
  8945 | D:9      | Found a shimmering altar of Xom.
  8945 | D:9      | Found a burning altar of Makhleb.
  8947 | D:9      | Found a shimmering altar of Xom.
  8947 | D:9      | Found an iron altar of Okawaru.
  8947 | D:9      | Found a stormy altar of Qazlal.
  9207 | D:9      | Found a staircase to the Lair.
  9738 | D:10     | Entered Level 10 of the Dungeon
  9813 | D:10     | Reached **** piety under Okawaru
  9813 | D:10     | Reached skill level 10 in Invocations
  9945 | D:10     | Found Wust's Distillery.
  9948 | D:10     | Bought a potion of heal wounds for 70 gold pieces
  9948 | D:10     | Bought a potion of might for 56 gold pieces
 10044 | D:10     | Found a staircase to the Orcish Mines.
 10067 | D:10     | Reached skill level 11 in Axes
 10067 | D:10     | Reached XP level 11. HP: 53/75 MP: 11/18
 11050 | D:10     | Reached skill level 12 in Axes
 11279 | D:10     | Noticed Psyche
 11295 | D:10     | Killed Psyche
 11295 | D:10     | Reached ***** piety under Okawaru
 11639 | D:11     | Found Totsoick's Assorted Antiques.
 11704 | D:11     | Reached skill level 5 in Evocations
 11922 | D:11     | Noticed a purple ugly thing
 12053 | D:11     | Killed a purple ugly thing
 12507 | D:11     | Received a gift from Okawaru
 12539 | D:11     | Got a shimmering battleaxe {god gift}
 12584 | D:11     | Reached XP level 12. HP: 72/81 MP: 20/20
 12737 | D:11     | Identified the +12 battleaxe of Agriekk {chop, rF+ rC- rN+}
                  | (Okawaru gifted it to you on level 11 of the Dungeon)
 12847 | D:11     | Noticed Sonja
 12853 | D:11     | Killed Sonja
 12881 | D:11     | Noticed Erica
 12893 | D:11     | Killed Erica
 13091 | D:11     | Reached skill level 13 in Axes
 13370 | D:12     | Noticed a two-headed ogre
 13380 | D:12     | Killed a two-headed ogre
 13525 | D:12     | Noticed a tengu reaver
 13562 | D:12     | Found a transporter.
 13569 | D:12     | Noticed Torious's ghost (journeyman DECj)
 13836 | D:12     | Found a transporter.
 14337 | D:12     | Reached ****** piety under Okawaru
 14337 | D:12     | Received a gift from Okawaru
 14933 | Lair:1   | Entered Level 1 of the Lair of Beasts
 15140 | Lair:1   | Noticed Nergalle
 15155 | Lair:1   | Killed Nergalle
 15298 | Lair:1   | Noticed a six-headed hydra
 15319 | Lair:1   | Killed a one-headed hydra
 15319 | Lair:1   | Reached skill level 14 in Axes
 15725 | Lair:2   | Reached XP level 13. HP: 86/86 MP: 21/21
 15827 | Lair:2   | Reached skill level 10 in Evocations
 16094 | Lair:2   | Found a staircase to the Snake Pit.
 16281 | Lair:2   | Noticed a seven-headed hydra
 16281 | Lair:2   | Noticed a six-headed hydra
 16334 | Lair:2   | Killed a two-headed hydra
 16334 | Lair:2   | Received a gift from Okawaru
 16338 | Lair:2   | Killed a three-headed hydra
 16347 | Lair:2   | Got a smoking crystal plate armour {god gift}
 16452 | Lair:2   | Identified the +1 crystal plate armour of Uskoh {rPois
                  | Int+2} (Okawaru gifted it to you on level 2 of the Lair of
                  | Beasts)
 16632 | Lair:2   | Noticed a seven-headed hydra
 16646 | Lair:2   | Killed a one-headed hydra
 16977 | Lair:2   | Noticed Harold
 16982 | Lair:2   | Killed Harold
 17237 | Lair:2   | Found a staircase to the Swamp.
 17555 | Lair:2   | Noticed Fannar
 17566 | Lair:2   | Killed Fannar
 17631 | Lair:2   | Reached skill level 15 in Axes
 17643 | Lair:2   | Reached skill level 5 in Armour
 18259 | Lair:3   | Noticed Gastronok
 18290 | Lair:3   | Killed Gastronok
 18600 | Lair:3   | Noticed a four-headed hydra
 18601 | Lair:3   | Noticed a six-headed hydra
 18617 | Lair:3   | Killed a one-headed hydra
 18617 | Lair:3   | Received a gift from Okawaru
 18626 | Lair:3   | Killed a one-headed hydra
 18626 | Lair:3   | Reached XP level 14. HP: 79/93 MP: 17/22
 19370 | Lair:4   | Found a runed translucent door.
 19370 | Lair:4   | Noticed mhoghedin's ghost (journeyman KoWz)
 19394 | Lair:4   | Killed mhoghedin's ghost
 20025 | Lair:4   | Reached skill level 16 in Axes
 20601 | Lair:5   | Received a gift from Okawaru
 21002 | Lair:5   | Found a staircase to the Slime Pits.
 21333 | Lair:6   | Entered Level 6 of the Lair of Beasts
 21566 | Lair:6   | Reached skill level 10 in Armour
 21655 | Lair:6   | Reached skill level 17 in Axes
 21734 | Lair:6   | Reached XP level 15. HP: 38/98 MP: 9/23
 22186 | Lair:6   | Found a runed translucent door.
 22193 | Lair:6   | Found a shimmering altar of Xom.
 22193 | Lair:6   | Noticed conein's ghost (journeyman DEFE)
 22747 | Lair:6   | Noticed Kirke
 22758 | Lair:6   | Killed Kirke
 23149 | Orc:1    | Entered Level 1 of the Orcish Mines
 23393 | Orc:2    | Entered Level 2 of the Orcish Mines
 24100 | Orc:2    | Found a staircase to the Elven Halls.
 24186 | Orc:2    | Received a gift from Okawaru
 24201 | Orc:2    | Reached skill level 18 in Axes
 24207 | Orc:2    | Found Opexzysaam's Antique Weapon Shoppe.
 25184 | Orc:2    | Found Hode's Magic Scroll Shoppe.
 25188 | Orc:2    | Found Biem Zeu's Armour Boutique.
 25195 | Orc:2    | Found Necucauho's Weapon Boutique.
 25211 | Orc:2    | Bought a scroll of acquirement for 572 gold pieces
 25211 | Orc:2    | Bought a scroll of identify for 22 gold pieces
 25245 | Orc:2    | Identified the +5 demon blade of War {pain, Int+4 Stlth+}
                  | (Okawaru gifted it to you on level 2 of the Orcish Mines)
 25378 | D:12     | Killed Torious's ghost
 25383 | D:12     | Killed a tengu reaver
 25598 | D:13     | Received a gift from Okawaru
 26660 | D:13     | Reached XP level 16. HP: 94/104 MP: 19/24
 26916 | D:13     | Found a gate to the Vaults.
 27565 | D:14     | Reached skill level 19 in Axes
 27574 | D:14     | Found a gate leading to a gauntlet.
 27580 | Gauntlet | Entered a Gauntlet
 27580 | Gauntlet | Found a transporter.
 27580 | Gauntlet | Found a transporter.
 27580 | Gauntlet | Found a transporter.
 27623 | Gauntlet | Found a transporter.
 27636 | Gauntlet | Found a transporter.
 27637 | Gauntlet | Found a transporter.
 27652 | Gauntlet | Found a transporter.
 27667 | Gauntlet | Found a transporter.
 27674 | Gauntlet | Found a transporter.
 27675 | Gauntlet | Found a transporter.
 27679 | Gauntlet | Found a runed translucent door.
 27683 | Gauntlet | Found a transporter.
 27686 | Gauntlet | Found a transporter.
 27719 | Gauntlet | Found a runed translucent door.
 27806 | Gauntlet | Received a gift from Okawaru
 27901 | Gauntlet | Got a steaming bronze ring
 27961 | Gauntlet | Identified the ring of Melee {+Inv rElec MR+ MP+9} (You
                  | found it in a Gauntlet)
 28699 | D:14     | You fall into a shaft and drop 1 floor!
 28699 | D:15     | Entered Level 15 of the Dungeon
 28904 | D:14     | Found a shimmering altar of Xom.
 29025 | D:14     | Received a gift from Okawaru
 29082 | D:14     | Identified Sif Muna's Guide on Toxins and the Voyage
 29729 | D:15     | Found a staircase to the Depths.
 30467 | Lair:2   | Upgraded the game from 0.24-a0-443-g80245de385 to
                  | 0.24-a0-445-gd5110b030a
 30469 | Snake:1  | Entered Level 1 of the Snake Pit
 30525 | Snake:1  | Received a gift from Okawaru
 30535 | Snake:1  | Reached skill level 20 in Axes
 30537 | Snake:1  | Received a gift from Okawaru
 30538 | Snake:1  | Reached XP level 17. HP: 60/109 MP: 16/25
 32054 | Snake:2  | Identified Sif Muna's Catalogue of Dark Weightlessness
 32086 | Snake:2  | Noticed Vashnia
 32118 | Snake:2  | HP: 4/109 [Vashnia/arrow (18)]
 32128 | Snake:2  | Killed Vashnia
 32516 | Snake:2  | Noticed Aizul
 32535 | Snake:2  | Killed Aizul
 32535 | Snake:2  | Received a gift from Okawaru
 32722 | Snake:2  | Identified Roxanne's Collected Works on Stones
 32722 | Snake:2  | Noticed Roxanne
 32743 | Snake:2  | Killed Roxanne
 34273 | Snake:3  | Reached skill level 21 in Axes
 34589 | Snake:3  | Noticed Agnes
 34602 | Snake:3  | Killed Agnes
 34689 | Snake:3  | Reached XP level 18. HP: 94/116 MP: 26/26
 34703 | Snake:3  | Received a gift from Okawaru
 34704 | Snake:3  | Found the +2 pair of boots of the Assassin {Detection Stab+
                  | Stlth++}
 34928 | Snake:3  | Reached skill level 15 in Armour
 35246 | Snake:4  | Entered Level 4 of the Snake Pit
 36379 | Snake:4  | Reached skill level 22 in Axes
 37217 | Snake:4  | Received a gift from Okawaru
 37946 | Snake:4  | Got a serpentine rune of Zot
 38238 | Snake:4  | Received a gift from Okawaru
 38511 | Snake:4  | Reached XP level 19. HP: 118/121 MP: 27/27
 38762 | Swamp:1  | Entered Level 1 of the Swamp
 40096 | Swamp:2  | Reached skill level 23 in Axes
 40509 | Swamp:3  | Received a gift from Okawaru
 40867 | Swamp:3  | Received a gift from Okawaru
 40871 | Swamp:3  | Got a pair of translucent gloves {god gift}
 40872 | Swamp:3  | Identified the +2 pair of gloves of Curiosity {Str-4 Dex+7}
                  | (Okawaru gifted it to you on level 3 of the Swamp)
 41794 | Swamp:4  | Entered Level 4 of the Swamp
 41950 | Swamp:4  | Found a runed translucent door.
 41952 | Swamp:4  | Found a shimmering altar of Xom.
 41952 | Swamp:4  | Noticed Ratty's ghost (adept DEFE)
 41975 | Swamp:4  | Killed Ratty's ghost
 42670 | Swamp:4  | Reached XP level 20. HP: 113/127 MP: 28/28
 42728 | Swamp:4  | Got a decaying rune of Zot
 43753 | Vaults:1 | Entered Level 1 of the Vaults
 43766 | Vaults:1 | Received a gift from Okawaru
 44200 | Vaults:1 | Reached skill level 24 in Axes
 45056 | Vaults:1 | Identified the +10 plate armour "Hyth" {rF+ rC+} (You found
                  | it on level 1 of the Vaults)
 45280 | Vaults:1 | Noticed a tentacled monstrosity
 45290 | Vaults:1 | Received a gift from Okawaru
 45292 | Vaults:1 | Killed a tentacled monstrosity
 45322 | Vaults:1 | Reached XP level 21. HP: 27/132 MP: 10/29
 45674 | Vaults:1 | Found the +3 hat of Pondering {ponderous, MR+ MP+10 Int+5}
 46383 | Elf:1    | Entered Level 1 of the Elven Halls
 46466 | Elf:1    | Found a flickering gateway to a bazaar.
 46472 | Bazaar   | Entered a bazaar
 46472 | Bazaar   | Found Zuaptalad's Book Emporium.
 46472 | Bazaar   | Found Gemp's Magic Scroll Shoppe.
 46472 | Bazaar   | Found Huedutoc's Food Shoppe.
 46472 | Bazaar   | Found Voacsiol's Magic Scroll Emporium.
 46525 | Bazaar   | Bought a manual of Axes for 1435 gold pieces
 46529 | Bazaar   | Bought a scroll of fear for 35 gold pieces
 46529 | Bazaar   | Bought a scroll of identify for 20 gold pieces
 46529 | Bazaar   | Bought a scroll of enchant weapon for 75 gold pieces
 46529 | Bazaar   | Bought a scroll of enchant weapon for 75 gold pieces
 46529 | Bazaar   | Bought a scroll of identify for 20 gold pieces
 46529 | Bazaar   | Bought a scroll of identify for 20 gold pieces
 46529 | Bazaar   | Bought a scroll of identify for 20 gold pieces
 46529 | Bazaar   | Bought a scroll of fog for 20 gold pieces
 46529 | Bazaar   | Bought a scroll of identify for 20 gold pieces
 46823 | Elf:1    | Reached skill level 25 in Axes
 46835 | Elf:1    | Gained mutation: You are frail. (-10% HP) [a neqoxec]
 48104 | Elf:2    | Received a gift from Okawaru
 48510 | Elf:2    | Found Giel Houpp's Food Shop.
 48823 | Elf:2    | Found a runed translucent gate.
 48823 | Elf:2    | Found a runed translucent gate.
 48823 | Elf:2    | Found a runed translucent gate.
 49141 | Elf:2    | Reached skill level 26 in Axes
 49161 | Elf:2    | HP: 5/118 [+0 trident of venom (2)]
 50063 | Elf:3    | Entered Level 3 of the Elven Halls
 50069 | Elf:3    | Found a frozen archway.
 50073 | IceCv    | Entered an ice cave
 50875 | Elf:3    | Reached XP level 22. HP: 113/125 MP: 30/30
 52271 | Elf:3    | Identified the +5 dagger of Roiwa {pierce, MR++}
 52848 | Elf:3    | Identified the cursed -5 shield of Salvation {rElec rPois
                  | rF+ Stlth-}
 52852 | Elf:3    | Received a gift from Okawaru
 52852 | Elf:3    | Reached skill level 27 in Axes
 52853 | Elf:3    | Found the +14 obsidian axe {chop, +Fly SInv *Curse}
 54001 | Elf:3    | Identified the Collected Works on Confrontation
 54004 | Elf:3    | Identified the cursed +1 shadow dragon scales of Isolada
                  | {MR+ Stlth++++} (You found it on level 3 of the Elven
                  | Halls)
 54102 | Elf:3    | Identified Laojyesu's Almanac of Dark Cold
 55421 | Vaults:2 | Reached skill level 1 in Spellcasting
 55474 | Vaults:2 | Received a gift from Okawaru
 55530 | Vaults:2 | Reached XP level 23. HP: 125/129 MP: 31/31
 55571 | Vaults:2 | Found Xefodu Ykiha's Magic Scroll Boutique.
 55772 | Vaults:2 | Bought a scroll of fear for 70 gold pieces
 55772 | Vaults:2 | Bought a scroll of enchant armour for 150 gold pieces
 55772 | Vaults:2 | Bought a scroll of fear for 70 gold pieces
 55772 | Vaults:2 | Bought a scroll of enchant weapon for 150 gold pieces
 55772 | Vaults:2 | Bought a scroll of fog for 40 gold pieces
 56457 | Vaults:2 | Found a staircase to the Crypt.
 56457 | Vaults:2 | Found an ancient bone altar of Kikubaaqudgha.
 56458 | Vaults:2 | Found a basalt altar of Yredelemnul.
 56711 | Vaults:3 | Reached skill level 5 in Spellcasting
 57121 | Vaults:3 | Identified the +1 robe of Valiance {rElec Str+2}
 57122 | Vaults:3 | Identified the +0 robe of Resonance {*Slow +Inv +Fly Regen+
                  | Str+3}
 57169 | Vaults:3 | Received a gift from Okawaru
 57175 | Vaults:3 | Found a radiant altar of Vehumet.
 58535 | Vaults:4 | Noticed Mennas
 59152 | Vaults:4 | Killed Mennas
 59661 | Vaults:4 | Reached XP level 24. HP: 84/135 MP: 28/36
 60021 | Vaults:4 | Received a gift from Okawaru
 60558 | Vaults:4 | Reached skill level 10 in Spellcasting
 60785 | Vaults:4 | HP: 1/135 [ettin/+0 dire flail (26)]
 60785 | Vaults:4 | Slain by a deep troll

Levels and vault maps discovered:
D:1:      giann_bridges, layout_basic
D:2:      layout_loops_ring, serial_undead, serial_undead_e, serial_undead_f,
          serial_undead_b, serial_undead_d, kennysheep_generic_room_14,
          uniq_jessica
D:3:      layout_basic
D:4:      layout_loops_ring, gammafunk_temple_overflow_statue
D:5:      layout_basic, serial_shops, nicolae_shop_trees, first_ration
D:6:      layout_gridville, old_standard_altar, minmay_temple_entry_large_hall,
          serial_shops, shop, cheibrodos_sewer_entry_sluice,
          chequers_mini_garden, lightli_minifort
D:7:      layout_rooms, marbit_many_paths, lemuel_crystal_altar, serial_shops,
          shop, kennysheep_mini_moat, st_stairs_3
D:8:      layout_basic, uniq_prince_ribbit1, uniq_grum
D:9:      layout_small_grid, doesnt_xom_only_xom, erik_lair_dragon,
          grunt_ogre_cave, uniq_pikel
D:10:     cheibrodos_grave_circle, layout_basic, orc_0_dummy, serial_shops,
          kennysheep_mini, uniq_psyche
D:11:     layout_loops_cross, serial_shops, shop, minmay_puff, uniq_erica,
          uniq_sonja
D:12:     layout_irregular_city, gammafunk_ghost_arena
D:13:     layout_long_grid, hangedman_vaults_entry_quadrant_bands
D:14:     cheibrodos_hippocracy, layout_gridville, basic_altar,
          gauntlet_entry_generic
D:15:     grunt_enter_depths_magical_seal, layout_cave_pools,
          chequers_serial_rivers_small_a
Temple:   eino_temple_rhombus
Lair:1:   layout_loops_ring, chequers_serial_rivers_micro_b, uniq_nergalle
Lair:2:   layout_roguey, palyth_hydra_swamp_entry,
          minmay_snake_entry_six_corridors, serial_rivers,
          chequers_serial_rivers_room_b, chequers_serial_rivers_micro_d,
          chequers_serial_rivers_small_3, chequers_serial_rivers_micro_c,
          chequers_serial_rivers_small_a, uniq_fannar, uniq_harold
Lair:3:   layout_loops_ring, st_stairs_6, minmay_hedge_maze, uniq_gastronok
Lair:4:   layout_loops_ring, ebering_ghost_inner_flame
Lair:5:   beast_lair_carwin_large_1, layout_long_grid, slime_dummy
Lair:6:   minmay_lair_end_enchanted_forest, layout_misc_corridors,
          ebering_ghost_xom, uniq_kirke
Swamp:1:  layout_basic_swamp, evilmike_swamp_ruin_house_6,
          infiniplex_staircase_pool
Swamp:2:  layout_basic_swamp, evilmike_swamp_ruin_rubble_2
Swamp:3:  layout_basic_swamp, serial_swamp_ruin, evilmike_swamp_ruin_house_3,
          evilmike_swamp_ruin_house_1, swamp_pool5
Swamp:4:  swamp, layout_basic_swamp, ebering_ghost_xom
Snake:1:  layout_concentric_octagons
Snake:2:  layout_chambers, uniq_aizul, uniq_roxanne, uniq_vashnia
Snake:3:  layout_grid_shapes, uniq_agnes
Snake:4:  snake_pit, layout_rooms
Orc:1:    layout_caves
Orc:2:    st_orc_elflike, layout_caves, hangedman_minor_magic
Elf:1:    minmay_elf_arrival_summoners, layout_loops_ring, serial_shops,
          freezing_bzr, minivault_28
Elf:2:    layout_loops_corners, serial_shops, nicolae_shop_stone
Elf:3:    elf_hall, layout_rooms, portal_ice_cave_entry_pillars_four,
          minivault_5
Vaults:1: st_greater_box_3, vaults_standard_mumra_enter_the_diamond,
          ontoclasm_vaults_twist, hangedman_vaults_stream,
          vaults_room_stairs_pillars, v_alt_pattern_1,
          nicolae_vaults_yaktaur_gun_rack, layout_vaults_maze_snakey
Vaults:2: nicolae_vaults_stairing_the_circle, v_pattern_5,
          hangedman_vaults_restitches, v_misc_13, minmay_crypt_entry_necro_gods,
          layout_vaults_quadrants, serial_shops, shop
Vaults:3: nicolae_vaults_little_squares_5, v_alt_pattern_3,
          grunt_tower_of_power, grunt_vaults_diagonal, hangedman_vaults_hat,
          hangedman_vaults_pinch, hangedman_vaults_nails,
          nicolae_vaults_hallways_thing, nicolae_vaults_diagonal_hallway_9,
          v_misc_1, v_misc_18, vaults_mumra_hexcomb,
          nicolae_vaults_bisected_slash, v_alt_pattern_1, layout_vaults_omnibox
Vaults:4: nicolae_vaults_arrows, dpeg_vaults_monster_row,
          nicolae_vaults_circle_grid_a, st_quartered_hall, v_misc_19,
          vaults_mumra_hex, vaults_mumra_chevron_long, hangedman_vaults_impose,
          v_misc_9, ontoclasm_vaults_decontamination, vaults_room_fours,
          nicolae_vaults_little_squares_3, layout_vaults_big_cross,
          serial_shops, shop, uniq_mennas

Skill      XL: |  1  2  3  4  5  6  7  8  9 10 11 12 13 14 15 16 17 18 19 20 21 22 23 24 |
---------------+-------------------------------------------------------------------------+-----
Shields        | 4 5 6 7 9 |  9.0
Axes           | 3 4 5 6 7 9 11 12 14 15 17 18 20 21 22 23 24 26 27 | 27.0
Invocations    | 3 7 10 11 | 11.1
Evocations     | 6 9 11 | 11.1
Armour         | 7 10 12 13 14 16 17 18 19 21 22 23 | 23.0
Spellcasting   | 2 9 10 | 10.7
Fighting       | |  3.2

Action                   |  1- 3 |  4- 6 |  7- 9 | 10-12 | 13-15 | 16-18 | 19-21 | 22-24 || total
-------------------------+-------+-------+-------+-------+-------+-------+-------+-------++-------
Melee: War axe           |   107 |   148 |    17 |   526 |       |       |       |       ||   798
       Hand axe          |       |    61 |   519 |       |       |       |       |       ||   580
       Battleaxe         |       |       |       |   167 |   811 |  1009 |  1055 |       ||  3042
       Scimitar          |       |       |       |    11 |    35 |       |       |       ||    46
       Executioner's axe |       |       |       |       |    22 |    30 |   165 |  1035 ||  1252
Invok: Heroism           |       |       |     1 |     8 |     8 |    10 |    13 |    10 ||    50
       Finesse           |       |       |       |       |     1 |     5 |     3 |     6 ||    15
 Abil: Evoke Invisibilit |       |       |       |       |       |     1 |       |       ||     1
Evoke: Wand              |       |       |       |    10 |       |     7 |     2 |     2 ||    21
       Lightning rod     |       |       |       |     1 |     3 |     2 |     1 |     4 ||    11
       Phantom mirror    |       |       |       |       |       |     1 |       |       ||     1
       Phial of floods   |       |       |       |       |       |       |     1 |       ||     1
  Use: Scroll            |       |       |    12 |     3 |    16 |     6 |    10 |     2 ||    49
       Potion            |       |       |     2 |     4 |     4 |     5 |     4 |     3 ||    22
 Stab: Distracted        |       |       |       |     1 |       |       |     1 |       ||     2
       Invisible         |       |       |       |       |     1 |       |       |     1 ||     2
       Confused          |       |       |       |       |       |       |     3 |       ||     3
  Eat: Chunk             |     1 |     7 |    13 |    30 |    34 |    39 |    41 |    32 ||   197
       Ration            |       |       |     1 |     1 |       |     1 |       |       ||     3
Armor: Scale mail        |    50 |    75 |       |       |       |       |       |       ||   125
       Plate armour      |       |     7 |   154 |   257 |    38 |       |   218 |   401 ||  1075
       Crystal plate arm |       |       |       |       |   362 |   445 |   507 |       ||  1314
Dodge: Dodged            |    26 |    62 |    95 |   150 |   201 |   220 |   256 |   191 ||  1201
Block: Shield            |    69 |   103 |   248 |   331 |   467 |   592 |   720 |   520 ||  3050
       Rpst.: Scimitar   |       |       |       |     2 |     4 |       |       |       ||     6

Table legend:
 A = Non-vault XP
 B = Vault XP
 C = Vault XP percentage of total XP
 D = Non-vault monster count
 E = Vault monster count
 F = Vault count percentage of total count
                 A         B        C        D         E       F
            +---------+---------+-------+---------+---------+-------
      Total |  381417 |  367802 |  49.1 |    1139 |     604 |  34.7
            +---------+---------+-------+---------+---------+-------
        D:1 |      55 |       0 |   0.0 |      32 |       0 |   0.0
        D:2 |      63 |      42 |  40.0 |      21 |       5 |  19.2
        D:3 |     176 |       0 |   0.0 |      26 |       0 |   0.0
        D:4 |     254 |       0 |   0.0 |      14 |       0 |   0.0
        D:5 |     547 |       0 |   0.0 |      13 |       0 |   0.0
        D:6 |     274 |     191 |  41.1 |       6 |       7 |  53.8
        D:7 |    1073 |     280 |  20.7 |      28 |       4 |  12.5
        D:8 |     326 |     459 |  58.5 |      10 |       2 |  16.7
        D:9 |     859 |    1578 |  64.8 |      26 |       6 |  18.8
       D:10 |    2543 |    3252 |  56.1 |      21 |      15 |  41.7
       D:11 |    4154 |    2051 |  33.1 |      52 |       6 |  10.3
       D:12 |    6097 |    4340 |  41.6 |      46 |       8 |  14.8
       D:13 |    8589 |    7380 |  46.2 |      33 |      17 |  34.0
       D:14 |    5888 |    6472 |  52.4 |      23 |      18 |  43.9
       D:15 |    8825 |    4445 |  33.5 |      30 |      10 |  25.0
     Temple |       3 |       0 |   0.0 |       1 |       0 |   0.0
     Lair:1 |    1284 |     812 |  38.7 |       4 |       1 |  20.0
     Lair:2 |    5021 |    6590 |  56.8 |      20 |      23 |  53.5
     Lair:3 |    5688 |    2506 |  30.6 |      19 |       2 |   9.5
     Lair:4 |    6904 |    2146 |  23.7 |      23 |       2 |   8.0
     Lair:5 |    3447 |    4595 |  57.1 |      12 |       9 |  42.9
     Lair:6 |    6541 |   10489 |  61.6 |      22 |      50 |  69.4
    Swamp:1 |   17324 |       0 |   0.0 |      40 |       0 |   0.0
    Swamp:2 |   10743 |       0 |   0.0 |      34 |       0 |   0.0
    Swamp:3 |   18753 |     390 |   2.0 |      47 |       3 |   6.0
    Swamp:4 |    9721 |   19014 |  66.2 |      18 |      25 |  58.1
    Snake:1 |    9980 |       0 |   0.0 |      26 |       0 |   0.0
    Snake:2 |   12854 |   10137 |  44.1 |      27 |       6 |  18.2
    Snake:3 |   32179 |    2290 |   6.6 |      58 |       1 |   1.7
    Snake:4 |   22900 |   32622 |  58.8 |      45 |      46 |  50.5
      Orc:1 |    4105 |       0 |   0.0 |      45 |       0 |   0.0
      Orc:2 |    2164 |    9765 |  81.9 |      36 |      42 |  53.8
      Elf:1 |   13720 |    9339 |  40.5 |      30 |      18 |  37.5
      Elf:2 |   21068 |   23556 |  52.8 |      33 |      29 |  46.8
      Elf:3 |   16547 |   47807 |  74.3 |      28 |      33 |  54.1
   Vaults:1 |   19469 |   52549 |  73.0 |      34 |      53 |  60.9
   Vaults:2 |   43765 |   12047 |  21.6 |      71 |      26 |  26.8
   Vaults:3 |   17161 |   27308 |  61.4 |      29 |      35 |  54.7
   Vaults:4 |   40353 |   47602 |  54.1 |      56 |      42 |  42.9
      Sewer |       0 |     381 | 100.0 |       0 |      19 | 100.0
      IceCv |       0 |   11290 | 100.0 |       0 |      28 | 100.0
   Gauntlet |       0 |    4077 | 100.0 |       0 |      13 | 100.0
            +---------+---------+-------+---------+---------+-------
